Map: King's Cove LE

Players

Kolo

  • Race: Terran Terran
  • League: Diamond
  • Spawn Location: 5:00

mengmeiqi - Winner!

  • Race: Protoss Protoss
  • League: Diamond
  • Spawn Location: 11:00

VOD

Have the link to the VOD?

Description

Time

  • Played on: Feb. 11, 2019, 7:09 p.m.
  • Length: 9:12
Show
View Real Time Build Order
Export as new Build Order

Kolo Terran 

Build Orders: Gas First Reaper Expand 

Get SALT Encoding   

  12  0:01  SCV  
  13  0:13  SCV  
  14  0:19  Supply Depot  
  14  0:25  SCV  
  15  0:29  Refinery  
  15  0:40  SCV  
  16  0:47  Barracks  
  16  0:52  SCV  
  17  1:04  SCV  
  18  1:16  SCV  
  19  1:34  Orbital Command  
  19  1:36  Reaper  
  20  1:49  Command Center  
  20  1:59  Factory  
  20  2:00  SCV  
  21  2:09  Barracks Reactor  
  21  2:12  SCV  
  21  2:13  Refinery  
  22  2:19  Supply Depot  
  22  2:24  SCV  
  23  2:40  SCV  
  24  2:44  Starport  
  24  2:54  SCV  
  24  2:58  Hellion x2  
  28  2:59  Barracks Tech Lab  
  27  3:08  SCV  
  25  3:29  Marine  
  25  3:31  Widow Mine x2  
  25  3:33  SCV  
  31  3:36  Orbital Command  
  29  3:42  Medivac  
  30  3:52  Widow Mine  
  30  3:56  SCV  
  31  4:09  SCV  
  32  4:12  Widow Mine  
  32  4:16  Liberator  
  34  4:19  Marine  
  34  4:20  Stimpack  
  34  4:21  SCV  
  36  4:33  SCV  
  40  4:42  SCV  
  40  4:44  Marine  
  42  4:45  Supply Depot  
  42  4:46  Widow Mine x2  
  45  5:00  SCV  
  45  5:06  Barracks  
  45  5:07  SCV, Marine  
  46  5:09  Barracks  
  44  5:17  SCV, Bunker  
  45  5:27  SCV  
  46  5:32  SCV  
  46  5:33  Command Center  
  46  5:34  Marine  
  48  5:39  Starport Tech Lab  
  48  5:47  Supply Depot  
  48  5:54  Factory Reactor  
  48  5:55  SCV x2, Marine  
  42  6:07  SCV, Marine x2, Marauder  
  42  6:08  Starport Reactor  
  42  6:09  SCV  
  48  6:12  Supply Depot  
  48  6:19  SCV  
  48  6:23  SCV  
  48  6:25  Combat Shield  
  50  6:26  Concussive Shells  
  50  6:28  Marine  
  50  6:29  Marine, Marauder x2  
  56  6:34  SCV, Supply Depot  
  57  6:43  Engineering Bay  
  57  6:44  SCV  
  57  6:45  Engineering Bay  
  57  6:46  SCV  
  57  6:48  Orbital Command  
  57  6:49  Widow Mine  
  57  6:50  Medivac  
  61  6:57  SCV  
  61  6:58  SCV  
  63  7:05  Orbital Command  
  63  7:06  Marine x2, Marauder x2  
  69  7:09  SCV  
  69  7:11  Terran Infantry Weapons Level 1  
  69  7:13  Terran Infantry Armor Level 1  
  70  7:18  Widow Mine x2  
  70  7:19  Medivac  
  76  7:24  Marine  
  76  7:25  Refinery  
  76  7:26  Refinery  
  76  7:29  SCV  
  78  7:31  Marine  
  78  7:32  Marauder  
  81  7:39  SCV  
  81  7:41  SCV  
  83  7:53  Marine  
  84  8:11  Marine  
  84  8:12  SCV  
  86  8:16  SCV  
  86  8:18  Barracks x2  
  86  8:19  Supply Depot  
  87  8:20  Armory  
  87  8:22  Supply Depot  
  87  8:28  Medivac x2, Marine  
  87  8:29  Widow Mine x2, Marine  
  87  8:30  Marauder  
  98  8:46  Marine  
  97  8:51  Marauder  
  97  8:55  SCV x2  
  98  8:59  SCV  
  97  9:06  Supply Depot  
  97  9:07  Barracks Tech Lab x2  
  97  9:09  Supply Depot  
Show
View Real Time Build Order
Export as new Build Order

mengmeiqi Protoss - Winner!

Build Orders:  

Get SALT Encoding   

  12  0:01  Probe  
  13  0:13  Probe  
  14  0:19  Pylon  
  14  0:25  Probe  
  15  0:37  Probe  
  15  0:41  Gateway  
  16  0:48  Assimilator  
  17  0:50  Probe  
  17  1:02  Probe  
  18  1:14  Probe  
  19  1:26  Probe, Pylon  
  19  1:28  Cybernetics Core  
  20  1:33  Zealot  
  22  1:45  Gateway  
  23  1:54  Probe  
  23  1:56  Stalker  
  23  2:07  Warp Gate  
  25  2:20  Nexus  
  25  2:21  Stalker  
  27  2:35  Stalker  
  27  2:40  Probe  
  27  2:42  Pylon  
  30  3:03  Probe  
  31  3:15  Probe  
  31  3:17  Zealot  
  31  3:18  Stalker  
  34  3:27  Probe  
  33  3:36  Probe  
  33  3:39  Probe  
  35  3:48  Probe  
  35  3:51  Probe  
  35  3:53  Assimilator  
  35  3:56  Forge  
  35  3:58  Pylon  
  35  4:00  Probe  
  34  4:03  Probe  
  33  4:13  Probe  
  33  4:14  Pylon  
  33  4:15  Probe  
  35  4:18  Stalker x2  
  35  4:24  Protoss Ground Weapons Level 1  
  39  4:25  Probe  
  39  4:31  Shield Battery  
  40  4:34  Photon Cannon  
  40  4:35  Probe  
  39  4:39  Shield Battery  
  39  4:40  Photon Cannon  
  39  4:42  Probe  
  40  4:52  Stalker x2  
  44  4:54  Probe  
  44  4:56  Probe  
  37  5:07  Probe  
  37  5:09  Probe  
  39  5:15  Probe  
  39  5:20  Twilight Council  
  39  5:21  Probe  
  41  5:23  Probe  
  42  5:33  Probe  
  42  5:35  Probe  
  43  5:41  Pylon  
  44  5:45  Probe  
  44  5:46  Zealot  
  44  5:47  Probe, Zealot  
  44  5:49  Protoss Ground Armor Level 1  
  50  5:52  Charge  
  47  5:57  Probe  
  47  5:59  Probe  
  49  6:06  Robotics Facility  
  49  6:07  Gateway  
  49  6:09  Probe  
  50  6:11  Sentry, Zealot, Probe  
  55  6:21  Probe  
  56  6:27  Gateway  
  56  6:30  Gateway  
  55  6:33  Zealot  
  57  6:48  Observer  
  57  6:49  Forge  
  57  6:51  Gateway  
  58  7:02  Pylon  
  58  7:11  Warp Prism, Stalker x2  
  58  7:12  Zealot  
  58  7:14  Pylon  
  66  7:31  Zealot  
  66  7:32  Zealot  
  66  7:35  Nexus  
  70  7:39  Photon Cannon  
  70  7:41  Probe  
  70  7:44  Pylon  
  71  7:54  Zealot  
  71  7:55  Zealot x3  
  71  7:58  Observer  
  80  8:00  Probe  
  80  8:01  Probe  
  82  8:08  Gateway  
  80  8:14  Gateway  
  80  8:18  Stalker, Zealot  
  80  8:19  Zealot  
  86  8:22  Observer  
  86  8:24  Probe  
  88  8:31  Stalker x2  
  92  8:35  Zealot  
  94  8:45  Zealot x2  
  96  8:53  Zealot  
  96  8:54  Probe  
Tags
 
Add a new tag
Caveats
  • Supply blocks, unpowered buildings, or Contaminate may cause inaccurate times.
  • Supply counts are checked every 10 seconds.